Cogmind - Beta 15 @@@ ROGUE MODE // 2025.05.13 @ 18:34:44 Player: Henry Result: Destroyed by Y-45 Defender with Beam Rifle Performance ------------- Evolutions (1) 500 Regions Visited (2) 400 Robots Destroyed (23) 115 Value Destroyed (481) 481 Prototype IDs (2) 40 Alien Tech Used (0) 0 Bonus (0) 0 TOTAL SCORE: 1536 Bonus ------- None Cogmind --------- Core Integrity 0/400 Matter 278/300 Energy 99/100 System Corruption 0% Temperature Cool (12) Movement Flying (32) Location -9/Materials Parts ------- > --- POWER (1) -------- (None) > --- PROPULSION (4) --- Flight Unit VTOL Module Improved Flight Unit > --- UTILITY (2) ------ (None) > --- WEAPON (2) ------- (None) > --- INVENTORY (5) ---- VTOL Module Target Analyzer Peak State ------------ > --- POWER ------------ Light Nuclear Core > --- PROPULSION ------- Wheel Wheel Wheel Compact Wheel > --- UTILITY ---------- Small Storage Unit Improved Terrain Scanner > --- WEAPON ----------- Medium Laser Light Assault Rifle > --- INVENTORY -------- Wheel Wheel Compact Wheel Flight Unit EM Pulse Gun [Rating: 13] Favorites ----------- Power Light Nuclear Core Engine Ion Engine Power Core Light Nuclear Core Propulsion Wheel Wheel Wheel Flight Unit Flight Unit Utility Small Storage Unit Device Improved Terrain Scanner Storage Small Storage Unit Weapon Medium Laser Energy Gun Medium Laser Ballistic Gun Light Assault Rifle Build | -11 -10 -9 ------- Run | Yrd Mat Mat Slots Evolved 2 | . . 2 Power . | . . . Propulsion 2 | . . 2 Utility . | . . . Weapon . | . . . Parts Attached 22 | 7 1 14 Power 4 | 1 1 2 Engine 3 | 1 . 2 Core 1 | . 1 . Reactor . | . . . Propulsion 12 | 2 . 10 Treads . | . . . Leg . | . . . Wheel 7 | 2 . 5 Hover . | . . . Flight 5 | . . 5 Utility 2 | 2 . . Device 1 | 1 . . Storage 1 | 1 . . Processor . | . . . Hackware . | . . . Protection . | . . . Artifact . | . . . Weapon 4 | 2 . 2 Energy Gun 2 | 1 . 1 Energy Cannon . | . . . Ballistic Gun 2 | 1 . 1 Ballistic Cannon . | . . . Launcher . | . . . Special Weapon . | . . . Impact Weapon . | . . . Slashing Weapon . | . . . Piercing Weapon . | . . . Special Melee Weapon . | . . . Unidentified Prototypes 2 | . . 2 Parts Lost 17 | . . 17 Power 3 | . . 3 Propulsion 9 | . . 9 Utility 1 | . . 1 Weapon 4 | . . 4 Highest Loss Streak 6 | . . 6 To Critical Strikes . | . . . Average Backups 3 | 3 7 2 Power . | 1 1 . Propulsion 2 | 1 5 2 Utility . | . . . Weapon . | . 1 . Tool/Special . | . . . Unused Backups 3 | . 2 1 Power 2 | . 2 . Propulsion 1 | . . 1 Utility . | . . . Weapon . | . . . Tool/Special . | . . . Average Slot Usage (%) 74 | . 100 66 Engine 2 | . 5 1 Core 6 | . 8 5 Wheel 27 | . 28 26 Flight 3 | . . 4 Device 5 | . 14 3 Storage 10 | . 14 9 Energy Gun 11 | . 14 11 Ballistic Gun 6 | . 14 4 Peak Build Rating 13 | 9 11 13 Average Rating 8 | 8 10 8 On Entrance 6 | . 9 11 Naked Turns . | . . . Heaviest Build 14 | 14 14 14 Greatest Support 46 | 26 26 46 Greatest Overweight (x) 2 | . . 2 Average Overweight (x) . | . . . Largest Inventory Capacity 8 | 8 8 8 Average Capacity 7 | 7 8 7 Most Carried 8 | 8 8 6 Average Carried 3 | 4 7 2 Final Capacity 8 | 8 8 5 Final Carried 8 | 8 7 2 Class Distribution -------------------- 64% | Mutant 26% | Scavenger-Mutant 9% | Sprinter Dominant Class ---------------- Mutant | -10/Materials Scavenger-Mutant | -9/Materials Resources | -11 -10 -9 ----------- Run | Yrd Mat Mat Matter Collected 398 | 286 26 86 Remotely . | . . . Salvage Created 710 | 153 142 415 Parts 51 | 15 9 27 Haulers Intercepted 2 | . . 2 Recyclers Shooed . | . . . Parts Field Recycled . | . . . Retrieved Matter . | . . . Parts Self-Destructed . | . . . Prevented . | . . . Kills | -11 -10 -9 ------- Run | Yrd Mat Mat Combat Hostiles Destroyed 14 | . 4 10 Guns 11 | . 4 7 AOE 3 | . . 3 Classes Destroyed 7 | 2 3 2 Builder 1 | . . 1 Tunneler 4 | 4 . . Hauler 2 | . . 2 Recycler 1 | 1 . . Watcher 1 | . 1 . Swarmer 5 | . 2 3 Grunt 9 | . 2 7 Best Kill Streak 7 | 2 3 7 Combat Bots Only 6 | . 3 6 Max Kills in Single Turn 3 | 1 1 3 Gunslinging . | . . . Exploded 2 | . . 2 Melee . | . . . Uniques/NPCs Destroyed . | . . . Combat | -11 -10 -9 -------- Run | Yrd Mat Mat Hostile Shots Fired 128 | . 25 103 Missed 43 | . 6 37 Hits 85 | . 19 66 Projectile 85 | . 19 66 AOE 1 | . . 1 Critical Strikes 1 | . 1 . Damage Taken 1213 | . 192 1021 Core 464 | . 53 411 Absorbed by Shields . | . . . Core Remaining (%) 89 | 100 78 . Volleys Fired 77 | 16 16 45 Largest 2 | 2 2 2 Hottest 90 | 70 70 90 Shots Fired 124 | 32 32 60 Gun 124 | 32 32 60 Cannon . | . . . Launcher . | . . . Special . | . . . Kinetic 58 | 16 16 26 Thermal 59 | 16 16 27 Explosive . | . . . Electromagnetic 7 | . . 7 Robot Hit Streak 12 | 7 5 12 Robot Miss Streak 3 | 3 2 2 Penetration Max . | . . . Secondary Targets 1 | . . 1 Max Gunslinging Chain 1 | . . 1 Shots Hit Robots 82 | 19 19 44 Core Hits 39 | 7 10 22 Critical Kills . | . . . Critical Parts Destroyed . | . . . Critical Strikes 4 | 2 . 2 Burn 4 | 2 . 2 Melee Attacks . | . . . Impact . | . . . Slashing . | . . . Piercing . | . . . Sneak Attacks . | . . . Combat Hostiles . | . . . Follow-up Attacks . | . . . Damage Inflicted 1479 | 201 191 1087 Guns 885 | 201 191 493 Cannons . | . . . Explosions 589 | . . 589 Melee . | . . . Ramming 5 | . . 5 Kinetic 311 | 78 89 144 Thermal 1115 | 123 102 890 Explosive . | . . . Electromagnetic 48 | . . 48 Impact . | . . . Slashing . | . . . Piercing . | . . . Highest Corruption . | . . . Average Corruption . | . . . Corruption Purged . | . . . Corruption Blocked . | . . . Overload Shots . | . . . Overflow Damage 234 | . . 234 Projectiles . | . . . Explosions 234 | . . 234 Melee . | . . . Knockbacks . | . . . Impact . | . . . Kinetic . | . . . Secondary . | . . . Self-Inflicted Damage 242 | . . 242 Shots 3 | . . 3 Rammed 2 | . . 2 Targets Rammed 2 | . . 2 Kicked . | . . . Crushed . | . . . Highest Temperature 391 | 100 147 391 Average Temperature 103 | 40 66 165 Received Heat Transfer 420 | . 78 342 Effects 3 | . . 3 Shutdowns 1 | . . 1 Short Circuit 1 | . . 1 Damage (minor) 1 | . . 1 Siege Activations . | . . . Martial Activations . | . . . Shielding Activations . | . . . Robots Disrupted . | . . . Combat Hostiles . | . . . Robots Corrupted . | . . . Combat Hostiles . | . . . Parts Fried . | . . . Impact Corruptions . | . . . Robots Melted . | . . . Combat Hostiles . | . . . Parts Melted 2 | . . 2 Heat Transferred 2200 | 518 296 1386 Parts Sabotaged . | . . . Parts Stolen . | . . . Parts Stripped . | . . . Power Chain Reactions 1 | . . 1 Alert | -11 -10 -9 ------- Run | Yrd Mat Mat Maximum Alert Level . | . . . Low Security (%) 100 | 100 100 100 Level 1 . | . . . Level 2 . | . . . Level 3 . | . . . Level 4 . | . . . Level 5 . | . . . High Security . | . . . Max Security . | . . . Peak Influence 182 | 10 110 182 Initial 40 | . . 40 Average 34 | 1 53 43 Influence Increases 619 | 25 137 457 Destroy 0b10 Robot/C 280 | . 80 200 Destroy 0b10 Robot/NC 45 | 25 5 15 Destroy Leader 46 | . 22 24 Disable Machine 60 | . . 60 Destroy Structure 23 | . . 23 Lose Combat Pursuer 165 | . 30 135 Influence Decreases 432 | 25 40 367 Entered New Map 57 | . . 57 Time Decay 215 | 25 40 150 Lost Part 160 | . . 160 Squads Dispatched 1 | . . 1 Investigation . | . . . Extermination . | . . . Reinforcement 1 | . . 1 Assault . | . . . Garrison . | . . . Intercept . | . . . Searches Triggered . | . . . Construction Impeded . | . . . Haulers Reinforced . | . . . Active Scanning Responses . | . . . Cargo Convoy Interrupts . | . . . Stealth | -11 -10 -9 --------- Run | Yrd Mat Mat Distress Signals 3 | . . 3 Communications Jammed . | . . . Distress Signals . | . . . Times Spotted 37 | . 7 30 Peak Tracking Total 10 | . 4 10 Tactical Retreats 6 | . 1 5 Traps | -11 -10 -9 ------- Run | Yrd Mat Mat Traps Triggered . | . . . Indirectly . | . . . Trap Hack Attempts . | . . . Triggered . | . . . Disarmed . | . . . Reprogrammed . | . . . Reused . | . . . Traps Extracted . | . . . Installed . | . . . Triggered . | . . . Machines | -11 -10 -9 ---------- Run | Yrd Mat Mat Machines Disabled 4 | . . 4 Max in Single Turn 3 | . . 3 Machines Repaired . | . . . Machines Dismantled . | . . . Machines Sabotaged . | . . . Overloaded Fab Kills . | . . . Hacking | -11 -10 -9 --------- Run | Yrd Mat Mat Machines Accessed 4 | . 1 3 Terminals 4 | . 1 3 Fabricators . | . . . Repair Stations . | . . . Recycling Units . | . . . Scanalyzers . | . . . Garrison Access . | . . . Total Hacks 8 | . 1 7 Successful . | . . . Failed 8 | . 1 7 Catastrophic 4 | . 1 3 Database Lockouts . | . . . Manual 8 | . 1 7 Terminals 8 | . 1 7 Fabricators . | . . . Repair Stations . | . . . Recycling Units . | . . . Scanalyzers . | . . . Garrison Access . | . . . Terminal Hacks . | . . . Fabricator Hacks . | . . . Repair Station Hacks . | . . . Recycling Unit Hacks . | . . . Scanalyzer . | . . . Garrison Access Hacks . | . . . Unauthorized Hacks . | . . . Terminals . | . . . Fabricators . | . . . Repair Stations . | . . . Recycling Units . | . . . Scanalyzers . | . . . Garrison Access . | . . . Data Cores Recovered . | . . . Used . | . . . Hacking Detections 4 | . 1 3 Full Trace Events . | . . . Feedback Events . | . . . Feedback Blocked . | . . . Robot Schematics Acquired . | . . . Robots Built . | . . . Authchips . | . . . Time . | . . . Total Robot Build Rating . | . . . Part Schematics Acquired . | . . . Parts Built . | . . . Authchips . | . . . Time . | . . . Total Part Build Rating . | . . . Parts Repaired . | . . . Time . | . . . Parts Recycled . | . . . Recycled Matter . | . . . Retrieved Matter . | . . . Retrieved Components . | . . . Parts Scanalyzed . | . . . Part Schematics Acquired . | . . . Parts Damaged . | . . . Bothacking | -11 -10 -9 ------------ Run | Yrd Mat Mat Used RIF Installer . | . . . Robots Hacked . | . . . Non-combat . | . . . Combat . | . . . Robot Hacks Applied . | . . . Relay Couplers Released . | . . . Fabnet Peak Effective % . | . . . Robots Rewired . | . . . Allies Hacked . | . . . Hacks Repelled . | . . . Allies | -11 -10 -9 -------- Run | Yrd Mat Mat Total Allies . | . . . Largest Group . | . . . Highest-Rated Group . | . . . Highest-Rated Ally . | . . . Total Orders . | . . . Ally Attacks . | . . . Total Damage . | . . . Kills . | . . . Allies Corrupted . | . . . Allies Melted . | . . . Intel | -11 -10 -9 ------- Run | Yrd Mat Mat Active Infowar (turns) 318 | 125 101 92 Terrain 318 | 125 101 92 Robot Analysis Total . | . . . Derelict Logs Recovered . | . . . Drone Launches . | . . . Drone Recoveries . | . . . Exploration | -11 -10 -9 ------------- Run | Yrd Mat Mat Turns Passed 613 | 159 101 353 Spaces Moved 481 | 108 55 318 Core 3 | 1 . 2 Treads . | . . . Legs . | . . . Wheels 373 | 107 55 211 Hover . | . . . Flight 105 | . . 105 Fastest Speed 29 | 50 90 29 Average Speed 76 | 89 90 69 Slowest Speed 150 | 90 90 150 Overloaded Moves . | . . . Propulsion Burnouts . | . . . Robots Hopped . | . . . Potential Cave-ins . | . . . Cave-ins Triggered . | . . . Exploration Rate (%) 19 | 5 13 41 Regions Visited 2 Branch Regions . Pre-discovered Areas . | . . . Known Exits Taken . | . . . Unknown Exits Taken 2 | 1 1 . Scrap Searched . | . . . Spaces Dug . | . . . Terrain Destroyed 21 | . . 21 Melee . | . . . Projectile . | . . . AOE 21 | . . 21 Terrain Rammed . | . . . Walls Destroyed . | . . . Machines Disabled . | . . . Actions | -11 -10 -9 --------- Run | Yrd Mat Mat Total 611 | 138 79 394 Wait 11 | . 3 8 Move 479 | 107 54 318 Hop . | . . . Pick Up 11 | 8 1 2 Fast Attach 16 | 7 1 8 Attach 7 | . . 7 Detach 3 | . 1 2 Swap . | . . . Drop 5 | . 3 2 Fire 77 | 16 16 45 Melee . | . . . Ram 2 | . . 2 Kick . | . . . Crush . | . . . Escape Stasis . | . . . Rewire . | . . . Trap . | . . . Miscellaneous . | . . . Route ------- -11/Scrapyard -10/Materials -9/Materials (discovered 1 exit: [*Min]) History --------- Turn | Location | Event 16 | -11/Scrapyard | Discovered new exit (range 15) 160 | -11/Scrapyard | Entered Materials 244 | -10/Materials | Discovered new exit (range 15) 261 | -10/Materials | Entered another Materials area 261 | -9/Materials | Evolved 2 slots: Propulsion x2 384 | -9/Materials | Lost 5 parts (3n1u1w) 570 | -9/Materials | Lost 5 parts (3n2w) 571 | -9/Materials | Core integrity fell below 50% 571 | -9/Materials | Core integrity fell below 20% 578 | -9/Materials | Discovered new exit (range 14) 614 | -9/Materials | Destroyed by Y-45 Defender with Beam Rifle Last Messages --------------- 00574_ W-16 Scout sends out distress signal. 00575_ Acquired Faulty Imp. Flight Unit. 00575_ Faulty integration triggers meltdown. 00575_ Flight Unit damaged (-8). 00575_ Flight Unit damaged (-5). 00576_ Flight Unit destroyed. 00577_ Acquired Prototype Engine. 00577_ Identified Cld. Ion Engine. 00578_ EXIT=FOUND 00581_ Acquired 26 matter. 00582_ Acquired Flight Unit. 00585_ Acquired VTOL Module. 00590_ C-30 ARC bursts open, deploying its payload. 00590_ S-10 Pest unfolds itself. 00590_ Flight Unit destroyed. 00590_ Acquired 19 matter. 00604_ Connecting with Terminal... 00608_ Cld. Ion Engine destroyed. 00613_ Acquired Target Analyzer. Map ----- +----------------------------------------------------+ | ?????????????????????????????# | | ?????????????????????????????# | | ?????????????????????????????# | | ?????????????????????????????# | | ?????????????????????????????# | | ?????????????????????????????# | | ?????????????????????????????# | | ?????????????????????????????#### | | ?????????????????? ?????????????# | | ?????????????????? ?????????????# | | ?????????????????? ?????????????# | | ?????????????????? ?????????????# | | ?????????????????? ?????????????# | | ?????????????????? ?????????????# | | ?????????????????? #??########??# | | ?????????????????# #??# #??# | | ?????????????????# #??# #??# | | ?????????????????# #??# " " #??# | | ?????????????????# #??# "T" #??# | | ?????????????????# #??# """ #??# | | ??????????????#### #??# #??# | | ????###+####### #######/###### | | ????# Y | | ????# | | ?????## ## #######+###### | | ??????# @ #######???# #?? | | ??????#== !!!#?????????# #?? | | ??????#==!!!!#?????????# #?? | | ??????########?????????# #?? | | ???????????????????????# #?? | | ???????????????????????# #?? | | ???????????????????????########?? | | ????????????????????????????????? | | | | | | | | | | | | | | | | | | | | | | | | | | | | | | | | | | | +----------------------------------------------------+ Best States ------------- Heat Dissipation 28 Energy Generation 14 Energy Capacity 280 Matter Stores 300 Matter Capacity 300 Sight Range 16 Terrain Scan Range 16 Terrain Scan Density 10 Evasion (%) 64 Item Schematics ----------------- None Robot Schematics ------------------ None Fabricated ------------ Nothing Repaired ---------- Nothing Alien Tech Used ----------------- None Achievements -------------- None Challenges ------------ None Game ------ Seed ShadingBladeBrace Manual? 0 Play Time 00:11:42 Cumulative 457.4 hours Start 2025.05.13 @ 18:27:26 End 2025.05.13 @ 18:34:44 Sessions 1 Manual Loads 0 Difficulty Rogue Special Mode None Game No. 182 Rogue 182 Adventurer 0 Explorer 0 Win Type - Total 0 Types 0/0/0/0/0/0/0/0/0/0 Lore% 17 Gallery% 43 Achievement% 30 Wizard Run 0 Options --------- Layout 1 ASCII 0 Keyboard 1 Movement Numpad Keybinds 0 Fullscreen 1 Font 24/Smallcaps Map View 50x35 Zoom Use 0% Tactical HUD 1 Map Filters NONE Filters NONE Steam 1 RUN: e59b6c7b-e352-455b-8fd3-a64bd92c1fdb